 Dungeon Crawl Stone Soup version 0.18-a0-76-g3fe7f8b (webtiles) character file.

291 Proton the Covered (level 6, -1/57 HPs)
             Began as a Deep Dwarf Fighter on Nov 12, 2015.
             Slain by a slave (2 damage)
             ... led by Pikel
             ... on level 4 of the Dungeon.
             The game lasted 00:03:31 (1672 turns).

Proton the Covered (Deep Dwarf Fighter)             Turns: 1672, Time: 00:03:31

Health: -1/57      AC:  5    Str: 21    XL:     6   Next: 10%
Magic:  6/6        EV: 11    Int:  9    God:
Gold:   236        SH:  0    Dex: 12    Spells: 0 memorised, 5 levels left

rFire  . . .     SeeInvis +     a - +0 war axe
rCold  . . .     Clarity  .     b - +1 scale mail
rNeg   . . .     SustAt   .     (no shield)
rPois  .         Gourm    .     (no helmet)
rElec  .         Spirit   .     (no cloak)
rCorr  .         Warding  .     (no gloves)
rMut   .         Stasis   .     (no boots)
MR     .....                    (no amulet)
Stlth  ..........               q - -3 ring of protection (curse)
                                k - ring of see invisible

@: non-regenerating, not resistant to hostile enchantments, extremely unstealthy
A: damage resistance, recharge devices, sense surroundings 1, slow regeneration
3
a: Device Recharging


You were on level 4 of the Dungeon.
You were very hungry.

You visited 1 branch of the dungeon, and saw 4 of its levels.

You collected 236 gold pieces.

Inventory:

Hand Weapons
 a - a +0 war axe (weapon)
Armour
 b - a +1 scale mail (worn)
Jewellery
 k - a ring of see invisible (left hand)
 p - an uncursed ring of protection from fire
 q - a cursed -3 ring of protection (right hand)
Wands
 e - a wand of heal wounds (3)
Scrolls
 h - 3 scrolls of enchant weapon {unknown}
 i - a scroll of enchant armour
Potions
 d - a potion of might
 g - a potion of curing
 j - 5 potions of flight
Comestibles
 c - 3 meat rations
 f - 2 bread rations
 l - a royal jelly
 n - 2 beef jerkies


   Skills:
 + Level 3.7 Fighting
 + Level 3.9 Axes
 + Level 4.9 Armour
 + Level 3.0 Dodging
   Level 3.2 Shields


You had 5 spell levels left.
You didn't know any spells.

Dungeon Overview and Level Annotations

Branches:
Dungeon (4/15)
 Temple: D:4-7

Altars:

Annotations:
D:4 Pikel


Innate Abilities, Weirdness & Mutations

You are resistant to damage.
You can recharge devices by infusing magical energy.
You passively map a small area around you.
You do not regenerate naturally.


Message History

The slave closely misses you. The slave hits you!
* * * LOW HITPOINT WARNING * * *
The slave closely misses you. x2
The slave hits you.
* * * LOW HITPOINT WARNING * * *
You closely miss Pikel. You hit the slave but do no damage.
The slave is heavily wounded.
You barely miss the slave.
The slave is heavily wounded.
The slave hits you.
* * * LOW HITPOINT WARNING * * *
The slave barely misses you. Pikel hits you but does no damage.
You hit Pikel.
Pikel is lightly wounded.
You barely miss the slave.
The slave is heavily wounded.
You hit the slave but do no damage.
The slave is heavily wounded.
The slave hits you.
You die...

*,*,,,,,***#.#
#.......#
*,*,,,,,,,*#.#
#.......#
*,***,,,,,*#.#
#########* *,*
*,,,,,*#.# *,,,,,,,
**,***,,,,,*#.#
*,,,,,,,
*,,,,,***,**#.#
*,,,,,,, *,,,,,* *,*
#.# *,,,,,,, *,,,,,*
*,* #.# *,,,,,,,
*,,,,,* *,**#@#*****
*,,,,<,,
*,,,,,***,,#pKp....#
*,,,,,,,
*,,,,,,,,,...pp....#
*****,**
**,***,**#.........#
*,,,
*,,,,,,...........#
*,,,
*****,####........#
*,,, *,,,,.........#
*,,, ****###.......#
*,,, *,,****** *,,,


You could see Pikel and 4 slaves.

Vanquished Creatures
  An ogre (D:3)
  A scorpion (D:4)
  A giant frog skeleton (D:4)
  A worker ant (D:4)
  An adder (D:3)
  3 oozes
  3 worms (D:2)
  3 giant geckos
  An orc (D:3)
  2 ball pythons
  12 goblins
  10 hobgoblins
  4 jackals (D:1)
  7 bats
  2 giant cockroaches (D:3)
  4 giant newts
  6 kobolds
  A quokka (D:2)
  6 rats
69 creatures vanquished.

Notes
Turn   | Place    | Note
--------------------------------------------------------------
     0 | D:1      | Proton the Deep Dwarf Fighter began the quest for the Orb.
     0 | D:1      | Reached XP level 1. HP: 20/20 MP: 1/1
    78 | D:1      | Reached XP level 2. HP: 27/27 MP: 2/2
   315 | D:1      | Reached skill level 1 in Dodging
   315 | D:1      | Reached XP level 3. HP: 24/34 MP: 3/3
   494 | D:2      | Reached skill level 4 in Armour
   914 | D:2      | Reached XP level 4. HP: 29/42 MP: 4/4
  1151 | D:3      | Noticed an ogre
  1165 | D:3      | Killed an ogre
  1165 | D:3      | Reached XP level 5. HP: 15/49 MP: 5/5
  1631 | D:4      | Reached XP level 6. HP: 41/57 MP: 6/6
  1662 | D:4      | Noticed Pikel
  1671 | D:4      | HP: 1/57 [slave[Pikel] (4)]
  1672 | D:4      | Slain by a slave

Vault maps used:
D:1:      wheals_arrival_shading
D:3:      kennysheep_the_goblin_king, first_bread
D:4:      minmay_lizard_king, uniq_duvessa, uniq_grinder, uniq_pikel

Action                   |  1- 3 |  4- 6 || total
-------------------------+-------+-------++-------
Melee: War axe           |   116 |    76 ||   192
Evoke: Wand              |     1 |     1 ||     2
  Use: Potion            |       |     3 ||     3
       Scroll            |       |     3 ||     3
  Eat: Pizza             |       |     1 ||     1
